 Dungeon Crawl Stone Soup version 0.29.1-12-g30fa7ad0bf (webtiles) character file.

Game seed: 1952294266398453371

49188 concernfroge the Impaler (level 14, -1/110 HPs)
             Began as a Mummy Monk on Dec 24, 2022.
             Was an Initiate of Gozag.
             Slain by a warg (7 damage)
             ... on level 12 of the Dungeon.
             The game lasted 01:20:29 (21186 turns).

concernfroge the Impaler (Mummy Monk)              Turns: 21186, Time: 01:20:30

Health: -1/110     AC: 16    Str: 16    XL:     14   Next: 15%
Magic:  26/26      EV: 16    Int: 10    God:    Gozag
Gold:   2282       SH:  0    Dex: 23    Spells: 19/30 levels left

rFire   + + .      SeeInvis +   a - +9 halberd of Foolhardiness {vorpal, rN+ Will+}
rCold   + + +      Faith    .   (shield currently unavailable)
rNeg    + + +      Spirit   .   A - +3 ring mail {rF+}
rPois   ∞          Reflect  .   E - +2 hat
rElec   +          Harm     .   J - scarf {rC+ rF+}
rCorr   +          Rampage  +   F - +2 pair of gloves
Will    ++...                   o - +2 pair of boots {rampage}
Stlth   ++........              G - amulet of regeneration
HPRegen 1.08/turn               s - ring of see invisible
MPRegen 0.20/turn               w - +6 ring of dexterity

@: mighty, resistant, invisible
A: cold resistance 1, negative energy resistance 3, torment resistance 2, heat
vulnerability 1, in touch with death 2, no potions
a: Renounce Religion, Potion Petition, Call Merchant, Bribe Branch


You were on level 12 of the Dungeon.
You worshipped Gozag.
Gozag was most pleased with you.
You visited 4 branches of the dungeon, and saw 19 of its levels.
You visited the Abyss 1 time.
You also visited: Ossuary.

You collected 4782 gold pieces.
You spent 1210 gold pieces at shops.
You paid 1290 gold pieces to Gozag.

Inventory:

Hand Weapons
 a - the +9 halberd of Foolhardiness (weapon) {vorpal, rN+ Will+}
   (You bought it in a shop on level 10 of the Dungeon)

   It inflicts extra damage upon your enemies.
   rN:        It protects you from negative energy.
   Will:      It increases your willpower.
 b - a +6 trident of protection
Missiles
 e - 9 javelins
 j - 3 silver boomerangs
 l - 25 poisoned darts (quivered)
 q - 140 stones
 z - 3 atropa-tipped darts
 C - 10 boomerangs
 I - 5 curare-tipped darts
Armour
 m - a +0 tower shield
 o - a +2 pair of boots of rampaging (worn)
 A - a +3 ring mail of fire resistance (worn)
 E - a +2 hat (worn)
 F - a +2 pair of gloves (worn)
 J - a scarf of resistance (worn)
Jewellery
 f - an amulet of the acrobat
 g - a ring of protection from cold
 s - a ring of see invisible (left hand)
 u - a ring of protection from cold
 w - a +6 ring of dexterity (right hand)
 G - an amulet of regeneration (around neck)
Wands
 h - a wand of light (6)
 t - a wand of polymorph (12)
 v - a wand of charming (3)
 H - a wand of mindburst (14)
 K - a wand of flame (18)
Scrolls
 c - a scroll of blinking
 d - 6 scrolls of silence
 i - a scroll of torment
 k - 2 scrolls of fear
 n - a scroll of magic mapping
 p - 4 scrolls of teleportation
 r - 3 scrolls of vulnerability
 x - 4 scrolls of noise
 y - 4 scrolls of fog
 B - 2 scrolls of immolation
 L - a scroll of amnesia
Miscellaneous
 M - a phial of floods


   Skills:
 - Level 10.0 Fighting
 - Level 16.0 Polearms
 + Level 8.3 Dodging
 - Level 1.5 Stealth
 + Level 8.5 Spellcasting
 + Level 5.9 Earth Magic


You had 19 spell levels left.
You knew the following spells:

 Your Spells              Type           Power      Damage    Failure   Level
a - Passwall              Tmut/Erth      8%         N/A       14%         2
b - Stone Arrow           Conj/Erth      20%        3d8       28%         3
c - Iron Shot             Conj/Erth      5%         9d2       100%        6

Your spell library contained the following spells:

 Spells                   Type           Power      Damage    Failure   Level
 Sandblast                Erth           32%        2d9       2%          1
 Necrotise                Necr           36%        1d5       30%         1
 Slow                     Hex            16%        N/A       30%         1
 Confusing Touch          Hex            4%         N/A       67%         3
 Dazzling Flash           Conj/Hex       8%         N/A       67%         3
 Frozen Ramparts          Ice            8%         1d2       67%         3
 Gell's Gravitas          Tloc           4%         N/A       67%         3
 Lesser Beckoning         Tloc           4%         N/A       67%         3
 Teleport Other           Tloc           4%         N/A       67%         3
 Vampiric Draining        Necr           9%         2d6       67%         3
 Summon Ice Beast         Ice/Summ       4%         N/A       97%         4
 Agony                    Necr           9%         N/A       100%        5
 Iskenderun's Battlesphe  Conj           4%         2d6       100%        5
 Silence                  Hex/Air        2%         N/A       100%        5
 Haunt                    Necr/Summ      4%         N/A       100%        7
 Spellforged Servitor     Conj/Summ      2%         N/A       100%        7
 Infestation              Necr           4%         N/A       100%        8
 Animate Dead             Necr           Unusable   N/A       N/A         4
 Ice Form                 Ice/Tmut       Unusable   N/A       N/A         4

Dungeon Overview and Level Annotations

Branches:
Dungeon (12/15)            Temple (1/1) D:4            Lair (5/5) D:11
  Swamp (0/4) Lair:3        Snake (0/4) Lair:3        Slime (0/5) Lair:5
    Orc (1/2) D:12        Ossuary (visited)

Altars:
Ashenzari
Cheibriados
Fedhas
Gozag
Hepliaklqana
Kikubaaqudgha
Makhleb
Nemelex Xobeh
Okawaru
Qazlal
Ru
Sif Muna
Trog
Uskayaw
Vehumet
Wu Jian
Xom

Shops:
D:6 :   D:8 :   D:10 ?(*   D:11 [

Annotations:
D:4 3 runed translucent doors, 0gre's ghost, amateur GnIE
D:12 1 runed translucent door, exclusion: door, wormed's ghost, journeyman MiBe
Lair:1 2 transporters
Lair:5 Sonja


Innate Abilities, Weirdness & Mutations

You are immune to poison.
Your flesh is cold resistant. (rC+)
You are immune to negative energy. (rN+++)
You are immune to unholy pain and torment.
You are vulnerable to heat. (rF-)
You are strongly in touch with the powers of death.
You do not drink.


Message History

The orc knight is almost dead.
The warg bites you but does no damage.
The orc knight hits you with a +3 vorpal battleaxe!
You slash the orc knight!
The orc knight is almost dead.
The warg closely misses you.
You hit the orc knight but do no damage.
The orc knight is almost dead.
The orc knight hits you with a +3 vorpal battleaxe!
The warg barely misses you.
You hit the orc knight but do no damage.
The orc knight is almost dead.
The orc knight hits you with a +3 vorpal battleaxe!!
* * * LOW HITPOINT WARNING * * *
You hit the orc knight but do no damage.
The orc knight is almost dead.
The warg barely misses you. [a] - 308 gold - haste and brilliance [b] - 414 gold - resistance and invisibility [c] - 276 gold - invisibility and might Purchase which effect?
You fade into invisibility!
You feel very mighty all of a sudden. The warg misses you.
The orc knight hits you with a +3 vorpal battleaxe!
* * * LOW HITPOINT WARNING * * *
x2 The warg misses you. [a] - 696 gold - haste, resistance and might [b] - 378 gold - haste and brilliance [c] - 364 gold - might and resistance Purchase which effect? [a] - 696 gold - haste, resistance and might [b] - 378 gold - haste and brilliance [c] - 364 gold - might and resistance Purchase which effect?
You feel mightier all of a sudden.
You feel protected.
The orc knight hits you with a +3 vorpal battleaxe!
* * * LOW HITPOINT WARNING * * *
x2 The warg bites you!
You die...
Your body crumbles into a pile of gold.

#......###.###....# #.....#..#
#......# #.#.#....######.....#..#
#..#..######.'...............#..#
#.........##.#.....#..#......#..#
#..........###.##............#..#
#.##..#...#.##....###).......#..#
#..........######## #........#..#
#...........#8#...# #........####
#.............'[@.# #.#..........
#..#........#8#ho.# #.#........#.
#..#........#########.#.........)
#.........### #.....#.#..........
#.........# ######.#.'..........
#.#.....#.# #....#.#.#..........
#.)....).### #....#.'.#..........
#.......##.# #.##.#.#.#..........
#......##..###.##.#.#.#..........


You could see an orc knight (unable to see you) and a warg.

Vanquished Creatures
  3 hydras
  2 boulder beetles (D:12)
  Fannar (Lair:2)
  A catoblepas (Lair:5)
  6 two-headed ogres
  6 death yaks (Lair:4)
  Urug (Lair:1)
  A lindwurm (Lair:5)
  A deep elf pyromancer (D:10)
  An ugly thing (D:12)
  2 manticores
  4 elephants (Lair:3)
  4 black mambas
  Maggie (D:8)
  A torpor snail (Lair:2)
  7 cane toads
  7 komodo dragons
  A rime drake (Lair:5)
  4 polar bears (Lair:5)
  6 trolls
  A queen bee (Lair:3)
  11 blink frogs
  2 hornets (Lair:5)
  9 dream sheep
  Grinder (D:4)
  A vampire (D:11)
  6 spriggans (Lair:5)
  46 yaks
  8 wyverns
  A basilisk (Lair:4)
  6 vampire mosquitoes
  An acid dragon (D:12)
  16 water moccasins
  5 orc warriors
  3 sky beasts
  6 black bears
  An ice beast (D:5)
  2 ogres
  20 wolves
  2 boggarts (Lair:5)
  5 centaurs
  A phantom (D:5)
  A kobold brigand (D:7)
  14 bullfrogs
  A necrophage (D:6)
  A gnoll sergeant (D:9)
  8 scorpions
  7 wights
  A water moccasin skeleton (D:3)
  44 killer bees
  3 electric eels
  2 jellies (D:8)
  9 hounds
  A human zombie (Ossuary)
  10 orc priests
  2 iguanas
  4 orc wizards
  A scorpion zombie (D:3)
  A hound zombie (D:3)
  4 mummies (Ossuary)
  12 gnolls
  12 adders
  A shadow imp (D:6)
  A white imp (D:6)
  3 ufetubi
  An adder skeleton (D:3)
  A worm (D:2)
  5 dart slugs
  43 orcs
  6 bats
  6 endoplasms
  4 giant cockroaches
  4 gnoll zombies (Ossuary)
  7 hobgoblins
  7 jackals
  10 kobolds
  2 quokkas
  2 ball pythons (D:2)
  A ball python zombie (D:3)
  2 frilled lizards
  3 goblins
  A hobgoblin zombie (Ossuary)
  A kobold zombie (Ossuary)
  An orc zombie (Ossuary)
  A quokka skeleton (D:3)
  6 rats
471 creatures vanquished.

Vanquished Creatures (collateral kills)
  2 yaks (Lair:1)
2 creatures vanquished.

Vanquished Creatures (others)
  A spriggan (Lair:5)
  A komodo dragon (Lair:5)
  A hornet (Lair:5)
  2 bushes (Lair:3)
  21 fungi
  33 plants
59 creatures vanquished.

Grand Total: 532 creatures vanquished

Notes
Turn   | Place    | Note
-------+----------+-------------------------------------------
     0 | D:1      | concernfroge the Mummy Monk began the quest for the Orb.
     0 | D:1      | Reached XP level 1. HP: 18/18 MP: 1/1
   290 | D:1      | Reached XP level 2. HP: 25/25 MP: 2/2
   292 | D:1      | Found a faded altar of an unknown god.
   990 | D:2      | Gained mutation: You are in touch with the powers of death.
                  | [Mummy growth]
   990 | D:2      | Reached XP level 3. HP: 25/30 MP: 3/3
  1707 | D:2      | Reached XP level 4. HP: 34/38 MP: 4/4
  2438 | D:3      | Reached skill level 5 in Fighting
  2551 | D:2      | Reached XP level 5. HP: 45/46 MP: 5/5
  3977 | D:4      | Noticed Grinder
  3995 | D:4      | Paralysed by Grinder for 5 turns
  4019 | D:4      | Killed Grinder
  4020 | D:4      | Reached XP level 6. HP: 50/55 MP: 6/6
  4255 | D:4      | Reached XP level 7. HP: 62/62 MP: 7/7
  4535 | D:4      | Found a stormy altar of Qazlal.
  4552 | D:4      | Found a staircase to the Ecumenical Temple.
  4566 | Temple   | Entered the Ecumenical Temple
  4600 | Temple   | Became a worshipper of Gozag Ym Sagoz the Greedy
  4751 | D:4      | Found a runed translucent gate.
  4751 | D:4      | Found a runed translucent gate.
  4751 | D:4      | Found a runed translucent gate.
  4754 | D:4      | Noticed 0gre's ghost (amateur GnIE)
  4770 | D:4      | Found a sacrificial altar of Ru.
  5520 | D:5      | Entered Level 5 of the Dungeon
  5726 | D:5      | Found an ornate altar of the Wu Jian Council.
  5919 | D:5      | Reached XP level 8. HP: 54/72 MP: 8/8
  6116 | D:5      | Reached skill level 10 in Fighting
  6330 | D:5      | Reached skill level 3 in Polearms
  6436 | D:5      | Found a radiant altar of Vehumet.
  6436 | D:5      | Found an ancient bone altar of Kikubaaqudgha.
  6438 | D:5      | Found a shimmering blue altar of Sif Muna.
  6445 | D:5      | Got Kikubaaqudgha's Catalogue of Necromancy
  6636 | D:6      | Found a broken altar of Ashenzari.
  6748 | D:6      | Found Xukyuv's Book Shoppe.
  6759 | D:6      | Reached skill level 4 in Polearms
  6830 | D:6      | Found an iron altar of Okawaru.
  6934 | D:6      | Reached skill level 5 in Polearms
  7009 | D:6      | Found a blossoming altar of Fedhas.
  7313 | D:6      | Reached skill level 6 in Polearms
  7354 | D:6      | Noticed a troll
  7390 | D:7      | Reached XP level 9. HP: 78/78 MP: 9/9
  7454 | D:7      | Found a sand-covered staircase.
  7471 | D:7      | Reached skill level 7 in Polearms
  7482 | Ossuary  | Entered an ossuary
  8052 | D:7      | Reached skill level 8 in Polearms
  8713 | D:8      | Noticed a seven-headed hydra
  8875 | D:9      | Reached skill level 9 in Polearms
  9109 | D:9      | Noticed a troll
  9120 | D:9      | Killed a troll
  9329 | D:9      | Reached XP level 10. HP: 81/85 MP: 10/10
  9831 | D:9      | Reached skill level 10 in Polearms
 10143 | D:10     | Entered Level 10 of the Dungeon
 10290 | D:10     | Noticed a deep elf pyromancer
 10302 | D:10     | Killed a deep elf pyromancer
 10754 | D:10     | Found Mygae's Assorted Antiques.
 10811 | D:10     | Bought a glowing hat for 182 gold pieces
 10811 | D:10     | Bought a shimmering halberd for 234 gold pieces
 10811 | D:10     | Identified the +9 halberd of Foolhardiness {vorpal, rN+
                  | Will+} (You bought it in a shop on level 10 of the Dungeon)
 11033 | D:10     | Reached skill level 11 in Polearms
 11103 | D:10     | Found Inycugg's Magic Scroll Emporium.
 11114 | D:10     | Bought a scroll of blinking for 112 gold pieces
 11389 | D:10     | Found Ongutag's Weapon Shop.
 11681 | D:8      | Noticed Maggie
 11699 | D:8      | Killed Maggie
 11834 | D:8      | Found Ciquduoru's Tremendous Tomes.
 11926 | D:8      | Noticed a two-headed ogre
 11933 | D:8      | Killed a two-headed ogre
 11934 | D:8      | Reached skill level 12 in Polearms
 12080 | D:8      | Reached XP level 11. HP: 65/90 MP: 11/11
 12139 | D:8      | Found a burning altar of Makhleb.
 12184 | D:11     | Found Duip Yho's Armour Shoppe.
 12195 | D:11     | Bought a scarf of resistance for 480 gold pieces
 12388 | D:11     | Found a staircase to the Lair.
 12888 | Lair:1   | Entered Level 1 of the Lair of Beasts
 13132 | Lair:1   | Noticed Urug
 13146 | Lair:1   | Killed Urug
 13147 | Lair:1   | Reached skill level 13 in Polearms
 13349 | Lair:1   | Found a transporter.
 13421 | Lair:1   | Found a transporter.
 14089 | Lair:1   | Reached skill level 14 in Polearms
 14158 | Lair:2   | Noticed a seven-headed hydra
 14469 | Lair:2   | Reached XP level 12. HP: 91/97 MP: 12/12
 14582 | Lair:3   | Noticed a seven-headed hydra
 14736 | Lair:3   | Noticed a four-headed hydra
 14750 | Lair:3   | Killed a four-headed hydra
 14751 | Lair:3   | Reached skill level 15 in Polearms
 14883 | Lair:3   | Found a staircase to the Snake Pit.
 15235 | Lair:3   | Killed a seven-headed hydra
 15272 | Lair:3   | Found a staircase to the Swamp.
 15474 | Lair:3   | Reached skill level 16 in Polearms
 16188 | Lair:4   | Noticed a death yak
 16189 | Lair:4   | Noticed a death yak
 16190 | Lair:4   | Noticed a death yak
 16262 | Lair:1   | Killed a seven-headed hydra
 16356 | Lair:2   | Reached skill level 5 in Dodging
 16463 | Lair:2   | Noticed Fannar
 16473 | Lair:2   | Killed Fannar
 16723 | Lair:1   | Learned a level 2 spell: Passwall
 16727 | Lair:1   | Learned a level 3 spell: Stone Arrow
 16734 | Lair:1   | Learned a level 6 spell: Iron Shot
 16872 | D:10     | Bought a scroll of brand weapon for 142 gold pieces
 16872 | D:10     | Bought a scroll of poison for 60 gold pieces
 17044 | Lair:4   | Noticed a death yak
 17046 | Lair:4   | Noticed a death yak
 17047 | Lair:4   | Noticed a death yak
 17171 | Lair:4   | Reached skill level 1 in Spellcasting
 17235 | Lair:4   | Killed a death yak
 17236 | Lair:4   | Reached skill level 1 in Earth Magic
 17237 | Lair:4   | Gained mutation: You are strongly in touch with the powers
                  | of death. [Mummy growth]
 17237 | Lair:4   | Reached XP level 13. HP: 97/103 MP: 13/16
 17575 | Lair:5   | Entered Level 5 of the Lair of Beasts
 18168 | Lair:4   | Reached skill level 5 in Spellcasting
 18883 | Lair:5   | Reached skill level 5 in Earth Magic
 19060 | Lair:5   | Noticed Sonja
 19080 | Abyss:2  | Cast into level 2 of the Abyss (Sonja)
 19087 | Abyss:2  | Found a corrupted altar of Lugonu.
 19093 | Lair:5   | Escaped the Abyss
 19098 | Lair:5   | Found a staircase to the Slime Pits.
 19816 | D:12     | Found a staircase to the Orcish Mines.
 19876 | D:12     | Reached XP level 14. HP: 110/110 MP: 24/26
 20430 | D:12     | Found a runed translucent door.
 20433 | D:12     | Noticed wormed's ghost (journeyman MiBe)
 21034 | Orc:1    | Entered Level 1 of the Orcish Mines
 21186 | D:12     | Slain by a warg

Illustrated notes

Levels and vault maps discovered:
D:1:      lemuel_arrival_rhombus, layout_basic,
          hellmonk_ecumenical_altar_crossroads, minmay_hedge_maze,
          nicolae_concentric_dashed_squares_wild
D:2:      layout_loops_cross
D:3:      layout_basic, serial_undead, serial_undead_a, serial_undead_a,
          serial_undead_a, serial_undead_d, st_stairs_2,
          chequers_serial_rivers_micro_e
D:4:      layout_basic, nicolae_qazlal_general_emergency,
          nicolae_ru_path_of_blood, minmay_temple_entry_glassed_door,
          biasface_ghost_orc_armoury, chequers_serial_rivers_large_a,
          minmay_pentangle, uniq_grinder
D:5:      layout_loops_ring, grunt_temple_overflow_magic_moments, minitemple,
          hangedman_abyss_or_decor_jellyfish_corner
D:6:      cheibrodos_barr_body, layout_loops_ring, okawaru_metal_pillars_3,
          mainiacjoe_overflow_paths, lemuel_doored_altar,
          mainiacjoe_overflow_alcove_4, lemuel_mausoleum_altar_yredelemnul,
          serial_shops, nicolae_shop_advertising_works
          [nicolae_subvault_shop_adworks], hellmonk_bongcloud_opening,
          uniq_prince_ribbit1
D:7:      layout_cave_pools, nicolae_ossuary_entry_ruins
D:8:      layout_cave_pools, makhleb_altar_promises_db,
          nicolae_shop_i_like_big_books, minmay_large_rounded_square,
          uniq_maggie
D:9:      layout_loops_corners, david_defended_altar_orc
D:10:     layout_stronghold, serial_shops, nicolae_shop_trees,
          nicolae_diamond_shop, nicolae_inconvenience_store
D:11:     layout_irregular_city, erik_lair_island, serial_shops, shop
D:12:     layout_stronghold, hiddenorc1_lemuel, serial_rivers,
          chequers_serial_rivers_micro_c, chequers_serial_rivers_micro_a,
          chequers_serial_rivers_room_b, chequers_serial_rivers_micro_b,
          chequers_serial_rivers_micro_d, ebering_ghost_reflecting_pool
Temple:   hellmonk_temple_rainy
Lair:1:   gammafunk_cloud_chamber, layout_cave_pods, lemuel_fruit_fields,
          serial_bayou_shore_a, uniq_urug
Lair:2:   layout_gridlike, uniq_fannar
Lair:3:   layout_roguey [special_room_bee], swamp_mist_pool, dummy_snake_entry
Lair:4:   layout_big_grid, serial_bayou, serial_bayou_pond_c,
          serial_bayou_lake_a, serial_bayou_crossing, serial_bayou_shore_b
Lair:5:   minmay_lair_end_enchanted_forest, layout_hall_layers,
          dpeg_slime_entry_enclosed, nicolae_quartered_pool_little,
          grunt_megastairs_5, uniq_sonja
Orc:1:    layout_caves

Skill      XL: |  1  2  3  4  5  6  7  8  9 10 11 12 13 |
---------------+----------------------------------------+-----
Fighting       | 4 5 7 8 9 10 | 10.0
Polearms       | 6 9 12 14 16 | 16.0
Dodging        | 5 8 |  8.3
Spellcasting   | 2 8 |  8.5
Earth Magic    | 1 5 |  5.9
Stealth        | |  1.5

Action                   |  1- 3 |  4- 6 |  7- 9 | 10-12 | 13-15 || total
-------------------------+-------+-------+-------+-------+-------++-------
Melee: Spear             |   177 |    54 |       |       |       ||   231
       Punch             |       |     2 |       |       |       ||     2
       Trident           |       |    37 |       |    25 |       ||    62
       Halberd           |       |    59 |   371 |   596 |   440 ||  1466
       Quarterstaff      |       |    21 |       |       |       ||    21
Throw: Stone             |     5 |    12 |     8 |     3 |     8 ||    36
       Dart              |       |       |    16 |    26 |    38 ||    80
       Javelin           |       |       |       |     2 |       ||     2
Invok: Potion Petition   |       |       |       |     1 |     3 ||     4
Evoke: Wand              |       |       |       |    16 |     5 ||    21
       Phial of floods   |       |       |       |     1 |       ||     1
  Use: Scroll            |       |    11 |     7 |    12 |     5 ||    35
 Stab: Sleeping          |     5 |     2 |     4 |     4 |       ||    15
       Distracted        |       |       |     3 |     3 |     4 ||    10
       Invisible         |       |       |       |     2 |     1 ||     3
       Petrified         |       |       |       |       |     2 ||     2
Armor: Robe              |     7 |       |       |       |       ||     7
       Ring mail         |    31 |    65 |   193 |   177 |    92 ||   558
Dodge: Dodged            |    57 |   101 |   211 |   290 |   160 ||   819
